 Dungeon Crawl Stone Soup version bcrawl-1.21.2-1-g32d02e0829 (webtiles) character file.

Game seed: 14249324239698160338

89810 Freyura the Blocker (level 15, -3/120 HPs)
             Began as a Gnoll Fighter on Feb 19, 2020.
             Was the Champion of Ashenzari.
             Slain by an orc knight
             ... wielding a +0 war axe
              (17 damage)
             ... on level 11 of the Dungeon on Feb 21, 2020.
             The game lasted 01:20:50 (21624 turns).

Freyura the Blocker (Gnoll Fighter)                Turns: 21624, Time: 01:20:51

Health: -3/120     AC: 33    Str: 23    XL:     15   Next: 98%
Magic:  29/29      EV: 19    Int: 12    God:    Ashenzari [******]
Gold:   1168       SH: 34    Dex: 28    Spells: 34/34 levels left

rFire    + . .     SeeInvis +   j - +5 falchion of Jaskoro {flame, rPois Str+2 Dex+4} (curse)
rCold    . . .     Gourm    .   h - +2 large shield (curse)
rNeg     + . .     Faith    .   T - +1 plate armour of a treasure trove {rPois rN+ MR+} (curse)
rPois    +         Spirit   .   p - +2 helmet (curse)
rElec    .         Reflect  +   v - +1 cloak of Puruaps {MR+ SInv} (curse)
rCorr    .         Harm     .   r - +2 pair of gloves {Dex+3} (curse)
MR       +++..     Clarity  +   H - +2 pair of boots (curse)
Stlth    +.........             b - +3 amulet of reflection (curse)
HPRegen  0.30/turn              d - ring of protection from fire (curse)
MPRegen  0.21/turn              O - +5 ring of evasion (curse)

@: no status effects
A: distributed training, fangs 2, hooves 1, thin skeletal structure 1, strong 1,
strong nose
a: Curse Item, Scrying, Renounce Religion


You were on level 11 of the Dungeon.
You worshipped Ashenzari.
Ashenzari was exalted by your worship.
You were not hungry.

You visited 5 branches of the dungeon, and saw 21 of its levels.

You collected 1823 gold pieces.
You spent 655 gold pieces at shops.

Inventory:

Hand Weapons
 g - a +3 bardiche
 j - the cursed +5 falchion of Jaskoro (weapon) {flame, rPois Str+2 Dex+4}
   (You found it on level 4 of the Dungeon)

   It has been specially enchanted to burn those struck by it, causing extra
   injury to most foes and up to half again as much damage against particularly
   susceptible opponents.
   Big, fiery blades are also staple armaments of hydra-hunters.
   It affects your strength (+2).
   It affects your dexterity (+4).
   It protects you from poison.
   It has a curse placed upon it.
 s - a +2 antimagic mace
 G - the +7 dagger of the Heavens {flame, rPois SInv Stlth+}
   (You found it on level 8 of the Dungeon)

   It has been specially enchanted to burn those struck by it, causing extra
   injury to most foes and up to half again as much damage against particularly
   susceptible opponents.
   It protects you from poison.
   It lets you see invisible.
   It makes you more stealthy.
 M - a +5 great mace of protection
Missiles
 K - 3 throwing nets (quivered) {!f}
Armour
 h - a cursed +2 large shield (worn)
 p - a cursed +2 helmet (worn)
 r - a cursed +2 pair of gloves of dexterity (worn)
 v - the cursed +1 cloak of Puruaps (worn) {MR+ SInv}
   (You acquired it on level 6 of the Dungeon)

   It affects your resistance to hostile enchantments.
   It lets you see invisible.
   It has a curse placed upon it.
 H - a cursed +2 pair of boots (worn)
 T - the cursed +1 plate armour of a treasure trove (worn) {rPois rN+ MR+}
   (You bought it in a shop on level 4 of the Dungeon)

   It protects you from poison.
   It protects you from negative energy.
   It affects your resistance to hostile enchantments.
   It has a curse placed upon it.
Jewellery
 b - a cursed +3 amulet of reflection (around neck)
 c - an uncursed ring of protection from fire
 d - a cursed ring of protection from fire (left hand)
 t - an uncursed ring of protection from cold
 u - an uncursed ring of fire
 w - an uncursed ring of flight
 z - an uncursed ring of protection from magic
 E - a +4 ring of protection
 J - an uncursed ring of protection from magic
 O - a cursed +5 ring of evasion (right hand)
 R - an uncursed ring of magical power
Wands
 q - a wand of paralysis (8)
 F - a wand of acid (5)
 V - a wand of digging (9)
Scrolls
 f - 13 scrolls of remove curse
 k - a scroll of enchant armour
 n - 8 scrolls of teleportation
 y - a scroll of magic mapping
 B - 2 scrolls of blinking
 D - 4 scrolls of amnesia
 L - a scroll of enchant weapon
 N - 3 scrolls of fog
 W - 2 scrolls of fear
Potions
 a - 4 potions of curing
 i - 3 potions of resistance
 l - 3 potions of flight
 m - 3 potions of magic
 x - 3 potions of brilliance
 C - a potion of cancellation
 I - 4 potions of haste
 P - a potion of ambrosia
 U - a potion of invisibility
 X - 3 potions of degeneration {unknown}
 Y - a potion of berserk rage
Comestibles
 e - 35 rations {!d}
 A - 13 chunks of flesh


   Skills:
 + Level 12.0 Fighting
 + Level 10.3 Short Blades
 + Level 10.3(14.5) Long Blades
 + Level 10.3 Axes
 + Level 11.2 Maces & Flails
 + Level 10.3 Polearms
 + Level 10.3 Staves
 + Level 10.3 Slings
 + Level 10.3 Bows
 + Level 10.3 Crossbows
 + Level 10.3 Throwing
 + Level 12.0(17.4) Armour
 + Level 10.3 Dodging
 + Level 10.3 Stealth
 + Level 12.0(14.6) Shields
 + Level 10.3 Unarmed Combat
 + Level 10.3 Spellcasting
 + Level 8.7(13.1) Conjurations
 + Level 8.7(13.1) Hexes
 + Level 8.7(13.1) Charms
 + Level 8.7(13.1) Summonings
 + Level 8.7(13.1) Necromancy
 + Level 8.7(13.1) Translocations
 + Level 8.7(13.1) Transmutations
 + Level 8.7(13.1) Fire Magic
 + Level 8.7(13.1) Ice Magic
 + Level 8.7(13.1) Air Magic
 + Level 8.7(13.1) Earth Magic
 + Level 8.7(13.1) Poison Magic
 + Level 11.1 Invocations
 + Level 10.3(14.5) Evocations


You had 34 spell levels left.
You didn't know any spells.
Your spell library contained the following spells:

 Spells                   Type           Power        Failure   Level  Hunger
 Magic Dart               Conj           ####         1%          1    None
 Sandblast                Erth           #####.       1%          1    None
 Summon Small Mammal      Summ           ####         1%          1    None
 Call Imp                 Summ           #####.       2%          2    None
 Passwall                 Tmut/Erth      #####...     2%          2    None
 Searing Ray              Conj           #####...     2%          2    None
 Call Canine Familiar     Summ           #####...     4%          3    ##.....
 Iskenderun's Mystic Bla  Conj           #####...     4%          3    ##.....
 Leda's Liquefaction      Hex/Erth       #####.....   4%          3    ##.....
 Stone Arrow              Conj/Erth      #####.       4%          3    ##.....
 Fulminant Prism          Conj/Hex       #####.....   14%         4    ####...
 Petrify                  Tmut/Erth      #####...     14%         4    ####...
 Summon Ice Beast         Ice/Summ       #####...     14%         4    ####...
 Bolt of Magma            Conj/Fire/Erth #####.....   38%         5    #####..
 Irradiate                Conj/Tmut      #####.....   38%         5    #####..
 Lee's Rapid Deconstruct  Erth           #####.....   38%         5    #####..
 Summon Lightning Spire   Summ/Air       #####...     38%         5    #####..
 Iron Shot                Conj/Erth      #####.....   92%         6    #######
 Statue Form              Tmut/Erth      #####....    92%         6    #######
 Shatter                  Erth           #####.....   100%        9    #######


Dungeon Overview and Level Annotations

Branches:
Dungeon (12/12)            Temple (1/1) D:4            Lair (6/6) D:9
  Swamp (0/3) Lair:4        Snake (1/3) Lair:3        Slime (0/5) Lair:5
    Orc (1/1) D:11            Elf (0/3) Orc          Vaults (0/3) D:11
 Depths (0/5) D:12

Altars:
Ashenzari
Cheibriados
Dithmenos
Elyvilon
Fedhas
Gozag
Hepliaklqana
Kikubaaqudgha
Lugonu
Makhleb
Nemelex Xobeh
Okawaru
Qazlal
Ru
Sif Muna
Trog
Uskayaw
Vehumet
Wu Jian
Xom
Yredelemnul
Zin
The Shining One
Jiyva

Shops:
D:4 [   D:6 [=?(*   Orc !

Annotations:
D:6 3 runed translucent doors, Mrkan's ghost, novice HOFi


Innate Abilities, Weirdness & Mutations

Your experience applies equally to all skills.
You have extremely sharp teeth.
Your uncanny sense of smell can sniff out nearby items.
You have large cloven feet.
You have a somewhat thin skeletal structure. (Dex +2, Stealth)
Your muscles are strong. (Str +2)


Message History

You block the orc knight's attack. You block the orc's attack.
You hit the orc knight. You burn the orc knight.
You kill the orc knight!
You block the orc warrior's attack.
The orc knight roars a battlecry!
The orc goes into a battle-frenzy!
Your plate armour of a treasure trove prevents you from hitting the orc knight.
The orc knight is heavily wounded.
You block the orc's attack. You block the orc warrior's attack.
Your shield and plate armour of a treasure trove prevent you from hitting the orc knight.
The orc knight is heavily wounded.
You block the orc knight's attack. You block the orc's attack.
You hit the orc knight but do no damage.
You bite the orc knight.
The orc knight is heavily wounded.
You block the orc warrior's attack.
You hit the orc knight but do no damage.
The orc knight is heavily wounded.
The orc knight hits you with a +0 war axe!
You die...

..######.# #..# ###.#
#.#### ..# #.####..###
#.######.## ..#
#.........# #.##......#
..#
#.####.##.####.#.......#
..#
#.#####.....####....)..#
..#
#.##.....8.....#......##
..#
#.##.....[.....##...#.#
..#
#.......oo[...........####
..#
#...8...)@[[..8...)...)...
..#
#.#.....))o..)..##########
..# #.##.......)...## .##
#.##.....8.....# .#
#.#####.....#### .# #.#
#####..## .# #.# #......#
.# #.# #.###### .# #.###.#


You could see an orc knight, an orc warrior and an orc.

Vanquished Creatures
  Gastronok (Lair:1)
  Rupert (Lair:3)
  2 orc warlords (D:11)
  A very ugly thing (D:11)
  A fire dragon (D:12)
  Snorg (D:11)
  A yaktaur captain (D:11)
  2 ogre magi (D:11)
  3 vault guards (D:11)
  An ice dragon (D:12)
  A naga warrior (Snake:1)
  Harold (D:10)
  5 hydras
  An anaconda (Snake:1)
  A catoblepas (D:11)
  A queen ant (Lair:2)
  4 two-headed ogres
  The ghost of Sickboy the Thaumaturge, a journeyman FrWz of Sif Muna (D:11)
  A tengu warrior (D:12)
  An orc high priest (Orc)
  A deep elf knight (D:11)
  A skeletal warrior (D:7)
  An unseen horror (D:12)
  A cyclops (D:10)
  A phantasmal warrior (D:11)
  The ghost of yrara the Cudgeler, a novice DsFi (D:4)
  6 orc knights
  A wolf spider (D:11)
  4 ugly things
  2 orc sorcerers (D:10)
  An oklob plant (Lair:6)
  A manticore (Lair:6)
  5 elephants (Lair:5)
  8 black mambas
  3 naga magi (Snake:1)
  3 centaur zombies
  A guardian serpent (Snake:1)
  5 centaur skeletons
  2 gargoyles (D:11)
  14 cane toads
  2 rime drakes
  6 komodo dragons
  2 tengu conjurers (D:10)
  2 trolls
  4 polar bears (Lair:6)
  7 hornets
  A tyrant leech (Lair:4)
  A slime creature (D:11)
  25 blink frogs
  13 hippogriffs
  14 spriggans (Lair:6)
  2 shadows
  A vampire (D:10)
  A wraith (D:10)
  38 yaks
  8 wyverns
  2 basilisks
  4 hungry ghosts
  3 vampire mosquitoes
  8 nagas
  3 swamp worms (Lair:4)
  4 wargs
  20 soldier ants (Lair:2)
  An acid dragon (D:12)
  Duvessa (D:5)
  22 crocodiles
  6 water moccasins
  6 porcupines
  20 orc warriors
  3 ice beasts
  A necrophage (D:6)
  6 sky beasts
  6 black bears
  4 boggarts (Lair:6)
  17 wolves
  3 centaurs
  8 ogres
  16 bullfrogs
  A big kobold (D:9)
  Dowan (D:5)
  3 scorpions
  7 killer bees
  8 wights
  An electric eel (Lair:4)
  4 crimson imps
  A bullfrog zombie (D:5)
  6 jellies
  A gnoll shaman (D:5)
  14 orc priests
  Crazy Yiuf (D:2)
  2 hounds
  A bullfrog skeleton (D:4)
  19 orc wizards
  3 iguanas
  31 worker ants
  5 hell rats (Lair:6)
  2 hound skeletons
  Robin (D:2)
  7 gnolls
  9 adders
  2 shadow imps
  7 oozes
  An adder zombie (D:8)
  4 adder skeletons
  3 worms
  4 dart slugs
  5 leopard geckos
  63 orcs
  A ball python (D:5)
  4 giant cockroaches
  18 goblins
  8 hobgoblins
  11 jackals
  19 kobolds
  7 quokkas
  9 bats
  3 frilled lizards
  2 rats
683 creatures vanquished.

Vanquished Creatures (others)
  A yaktaur (D:11)
  3 orcs
  9 fungi
  5 plants
18 creatures vanquished.

Grand Total: 701 creatures vanquished

Notes
Turn   | Place    | Note
-------+----------+-------------------------------------------
     0 | D:1      | Freyura the Gnoll Fighter began the quest for the Orb.
     0 | D:1      | Reached XP level 1. HP: 23/23 MP: 1/1
    35 | D:1      | Reached XP level 2. HP: 22/29 MP: 2/2
   418 | D:1      | Reached XP level 3. HP: 34/35 MP: 3/3
   709 | D:2      | Reached skill level 1 in Invocations
  1002 | D:2      | Noticed Robin
  1003 | D:2      | Reached skill level 1 in Short Blades
  1003 | D:2      | Reached skill level 1 in Long Blades
  1003 | D:2      | Reached skill level 1 in Axes
  1003 | D:2      | Reached skill level 1 in Polearms
  1003 | D:2      | Reached skill level 1 in Staves
  1003 | D:2      | Reached skill level 1 in Slings
  1003 | D:2      | Reached skill level 1 in Bows
  1003 | D:2      | Reached skill level 1 in Crossbows
  1003 | D:2      | Reached skill level 1 in Throwing
  1003 | D:2      | Reached skill level 1 in Dodging
  1003 | D:2      | Reached skill level 1 in Stealth
  1003 | D:2      | Reached skill level 1 in Unarmed Combat
  1003 | D:2      | Reached skill level 1 in Spellcasting
  1003 | D:2      | Reached skill level 1 in Evocations
  1013 | D:2      | Reached XP level 4. HP: 41/41 MP: 5/5
  1026 | D:2      | Killed Robin
  1257 | D:2      | Found an iron altar of Okawaru.
  1326 | D:2      | Reached skill level 1 in Conjurations
  1326 | D:2      | Reached skill level 1 in Hexes
  1326 | D:2      | Reached skill level 1 in Charms
  1326 | D:2      | Reached skill level 1 in Summonings
  1326 | D:2      | Reached skill level 1 in Necromancy
  1326 | D:2      | Reached skill level 1 in Translocations
  1326 | D:2      | Reached skill level 1 in Transmutations
  1326 | D:2      | Reached skill level 1 in Fire Magic
  1326 | D:2      | Reached skill level 1 in Ice Magic
  1326 | D:2      | Reached skill level 1 in Air Magic
  1326 | D:2      | Reached skill level 1 in Earth Magic
  1326 | D:2      | Reached skill level 1 in Poison Magic
  1378 | D:2      | Found a runed door.
  1383 | D:2      | Noticed Crazy Yiuf
  1390 | D:2      | Killed Crazy Yiuf
  1390 | D:2      | Reached XP level 5. HP: 34/47 MP: 6/6
  1538 | D:3      | Found a shattered altar of Ashenzari.
  1595 | D:3      | Became a worshipper of Ashenzari the Shackled
  1649 | D:3      | Found an ornate altar of the Wu Jian Council.
  1807 | D:3      | Found a white marble altar of Elyvilon.
  1981 | D:3      | Noticed a bullfrog
  1996 | D:3      | Killed a bullfrog
  2233 | D:3      | Found a glowing silver altar of Zin.
  2443 | D:4      | Found a runed translucent gate.
  2443 | D:4      | Found a runed translucent gate.
  2443 | D:4      | Noticed an ogre
  2447 | D:4      | Killed an ogre
  2447 | D:4      | Reached XP level 6. HP: 53/53 MP: 2/8
  2453 | D:4      | Reached skill level 5 in Maces & Flails
  2470 | D:4      | Found a runed translucent gate.
  2471 | D:4      | Noticed yrara's ghost (novice DsFi)
  2508 | D:4      | Reached * piety under Ashenzari
  2571 | D:4      | Reached XP level 7. HP: 44/59 MP: 3/10
  2798 | D:4      | Identified the +5 falchion of Jaskoro {flame, rPois Str+2
                  | Dex+4}
  3286 | D:4      | Found Zoaqoh's Armour Shop.
  3329 | D:4      | Bought a +1 pair of gloves of dexterity for 165 gold pieces
  3428 | D:4      | Found a staircase to the Ecumenical Temple.
  3657 | Temple   | Entered the Ecumenical Temple
  3815 | D:4      | Killed yrara's ghost
  3815 | D:4      | Reached XP level 8. HP: 60/67 MP: 12/12
  3880 | D:5      | Entered Level 5 of the Dungeon
  3986 | D:5      | Noticed a wyvern
  3998 | D:5      | Killed a wyvern
  3998 | D:5      | Reached XP level 9. HP: 71/72 MP: 14/14
  4061 | D:5      | Found a blossoming altar of Fedhas.
  4082 | D:5      | Noticed Duvessa
  4084 | D:5      | Noticed Dowan
  4105 | D:5      | Killed Duvessa
  4117 | D:5      | Killed Dowan
  4214 | D:5      | Found a stormy altar of Qazlal.
  4477 | D:6      | Identified a scroll of acquirement
  4477 | D:6      | Identified the cursed +1 cloak of Puruaps {MR+ SInv} (You
                  | acquired it on level 6 of the Dungeon)
  4477 | D:6      | Identified the cursed ring "Ifij" {rElec rF- rC+ Dex-3
                  | SInv} (You acquired it on level 6 of the Dungeon)
  4477 | D:6      | Identified Freyura's Papyrus of Fiery Intoxication (You
                  | acquired it on level 6 of the Dungeon)
  4553 | D:6      | Found Alintock's Magic Scroll Emporium.
  4631 | D:6      | Found a shimmering altar of Xom.
  4726 | D:6      | Found Eja Pot's Weapon Emporium.
  4800 | D:6      | Reached skill level 5 in Invocations
  4931 | D:6      | Found Gozag's Platinum Reserve.
  4931 | D:6      | Found an opulent altar of Gozag.
  5038 | D:6      | Reached ** piety under Ashenzari
  5046 | D:6      | Found Zyhid's Jewellery Shop.
  5093 | D:6      | Found a runed translucent gate.
  5093 | D:6      | Found a runed translucent gate.
  5093 | D:6      | Found a runed translucent gate.
  5093 | D:6      | Noticed Mrkan's ghost (novice HOFi)
  5166 | D:6      | Found Gauqusch's Armour Boutique.
  5446 | D:7      | Reached XP level 10. HP: 75/79 MP: 17/17
  5647 | D:7      | Noticed a skeletal warrior
  5702 | D:7      | Killed a skeletal warrior
  5702 | D:7      | Reached skill level 5 in Short Blades
  5702 | D:7      | Reached skill level 5 in Long Blades
  5702 | D:7      | Reached skill level 5 in Axes
  5702 | D:7      | Reached skill level 5 in Polearms
  5702 | D:7      | Reached skill level 5 in Staves
  5702 | D:7      | Reached skill level 5 in Slings
  5702 | D:7      | Reached skill level 5 in Bows
  5702 | D:7      | Reached skill level 5 in Crossbows
  5702 | D:7      | Reached skill level 5 in Throwing
  5702 | D:7      | Reached skill level 5 in Dodging
  5702 | D:7      | Reached skill level 5 in Stealth
  5702 | D:7      | Reached skill level 5 in Unarmed Combat
  5702 | D:7      | Reached skill level 5 in Spellcasting
  5702 | D:7      | Reached skill level 5 in Evocations
  6316 | D:8      | Noticed a cyan ugly thing
  6335 | D:8      | Killed a cyan ugly thing
  6486 | D:8      | Identified the +7 dagger of the Heavens {flame, rPois SInv
                  | Stlth+}
  6601 | D:8      | Reached *** piety under Ashenzari
  6648 | D:8      | Found a hide-covered altar of Uskayaw.
  6768 | D:8      | Reached XP level 11. HP: 86/86 MP: 19/19
  6954 | D:9      | Noticed a two-headed ogre
  6965 | D:9      | Killed a two-headed ogre
  7064 | D:9      | Found a staircase to the Lair.
  7143 | D:9      | Reached skill level 5 in Conjurations
  7143 | D:9      | Reached skill level 5 in Hexes
  7143 | D:9      | Reached skill level 5 in Charms
  7143 | D:9      | Reached skill level 5 in Summonings
  7143 | D:9      | Reached skill level 5 in Necromancy
  7143 | D:9      | Reached skill level 5 in Translocations
  7143 | D:9      | Reached skill level 5 in Transmutations
  7143 | D:9      | Reached skill level 5 in Fire Magic
  7143 | D:9      | Reached skill level 5 in Ice Magic
  7143 | D:9      | Reached skill level 5 in Air Magic
  7143 | D:9      | Reached skill level 5 in Earth Magic
  7143 | D:9      | Reached skill level 5 in Poison Magic
  7224 | D:9      | Found a runed translucent door.
  7224 | D:9      | Noticed Sickboy's ghost (journeyman FrWz)
  7373 | D:9      | Found a snail-covered altar of Cheibriados.
  7835 | Lair:1   | Entered Level 1 of the Lair of Beasts
  8128 | Lair:1   | Reached **** piety under Ashenzari
  8170 | Lair:1   | Noticed Gastronok
  8196 | Lair:1   | Killed Gastronok
  8196 | Lair:1   | Reached XP level 12. HP: 48/95 MP: 20/22
  9034 | Lair:2   | Gained mutation: You have large cloven feet. [potion of
                  | mutation]
  9034 | Lair:2   | Gained mutation: Your muscles are strong. (Str +2) [potion
                  | of mutation]
  9034 | Lair:2   | Gained mutation: You have a somewhat thin skeletal
                  | structure. (Dex +2, Stealth) [potion of mutation]
  9034 | Lair:2   | Gained mutation: You have extremely sharp teeth. [potion of
                  | mutation]
  9295 | Lair:2   | Reached skill level 10 in Fighting
  9295 | Lair:2   | Reached skill level 10 in Armour
  9295 | Lair:2   | Reached skill level 10 in Shields
  9531 | Lair:2   | Noticed a queen ant
  9566 | Lair:2   | Killed a queen ant
  9566 | Lair:2   | Reached XP level 13. HP: 99/102 MP: 24/24
 10162 | Lair:3   | Noticed Rupert
 10199 | Lair:3   | Killed Rupert
 10505 | Lair:3   | Found a staircase to the Snake Pit.
 11148 | Lair:4   | Reached ***** piety under Ashenzari
 11587 | Lair:4   | Found a staircase to the Swamp.
 12303 | Lair:5   | Reached XP level 14. HP: 110/110 MP: 26/26
 12617 | Lair:5   | Found a staircase to the Slime Pits.
 12618 | Lair:5   | Found a viscous altar of Jiyva.
 12839 | Lair:6   | Entered Level 6 of the Lair of Beasts
 12944 | Lair:6   | Reached skill level 10 in Maces & Flails
 13474 | Lair:6   | Reached ****** piety under Ashenzari
 13564 | Lair:6   | Reached skill level 10 in Invocations
 14731 | D:4      | Bought the +1 plate armour of a treasure trove {rPois rN+
                  | MR+} for 490 gold pieces
 14901 | D:10     | Entered Level 10 of the Dungeon
 16082 | D:10     | Found a sacrificial altar of Ru.
 16133 | D:10     | Noticed Harold
 16195 | D:10     | Killed Harold
 16195 | D:10     | Reached XP level 15. HP: 119/119 MP: 28/28
 17467 | D:11     | Found a staircase to the Orcish Mines.
 17801 | D:11     | Noticed Snorg
 17820 | D:11     | Killed Snorg
 17861 | D:11     | Killed Sickboy's ghost
 18132 | D:11     | Found a gate to the Vaults.
 18488 | D:11     | Found a large runed door.
 18489 | D:11     | Found a large runed door.
 18712 | D:11     | Found a sparkling altar of Nemelex Xobeh.
 18730 | D:11     | Found a white marble altar of Elyvilon.
 18859 | D:12     | Entered Level 12 of the Dungeon
 18983 | D:12     | Reached skill level 10 in Short Blades
 18983 | D:12     | Reached skill level 10 in Long Blades
 18983 | D:12     | Reached skill level 10 in Axes
 18983 | D:12     | Reached skill level 10 in Polearms
 18983 | D:12     | Reached skill level 10 in Staves
 18983 | D:12     | Reached skill level 10 in Slings
 18983 | D:12     | Reached skill level 10 in Bows
 18983 | D:12     | Reached skill level 10 in Crossbows
 18983 | D:12     | Reached skill level 10 in Throwing
 18983 | D:12     | Reached skill level 10 in Dodging
 18983 | D:12     | Reached skill level 10 in Stealth
 18983 | D:12     | Reached skill level 10 in Unarmed Combat
 18983 | D:12     | Reached skill level 10 in Spellcasting
 18983 | D:12     | Reached skill level 10 in Evocations
 19120 | D:12     | Found a staircase to the Depths.
 19873 | Snake:1  | Entered Level 1 of the Snake Pit
 20147 | Orc      | Entered the Orcish Mines
 20147 | Orc      | Found Tuevik's Distillery.
 20147 | Orc      | Noticed an orc warlord
 20413 | D:11     | Killed an orc warlord
 21023 | Orc      | Noticed an orc warlord
 21205 | D:11     | Killed an orc warlord
 21624 | D:11     | Slain by an orc knight

Skill      XL: |  1  2  3  4  5  6  7  8  9 10 11 12 13 14 15 |
---------------+----------------------------------------------+-----
Invocations    | 1 2 3 4 5 6 7 8 9 10 11 | 11.1
Short Blades   | 1 2 3 4 5 6 7 8 9 10 | 10.3
Long Blades    | 1 2 3 4 5 6 7 8 9 10 | 10.3
Axes           | 1 2 3 4 5 6 7 8 9 10 | 10.3
Polearms       | 1 2 3 4 5 6 7 8 9 10 | 10.3
Staves         | 1 2 3 4 5 6 7 8 9 10 | 10.3
Slings         | 1 2 3 4 5 6 7 8 9 10 | 10.3
Bows           | 1 2 3 4 5 6 7 8 9 10 | 10.3
Crossbows      | 1 2 3 4 5 6 7 8 9 10 | 10.3
Throwing       | 1 2 3 4 5 6 7 8 9 10 | 10.3
Dodging        | 1 2 3 4 5 6 7 8 9 10 | 10.3
Stealth        | 1 2 3 4 5 6 7 8 9 10 | 10.3
Unarmed Combat | 1 2 3 4 5 6 7 8 9 10 | 10.3
Spellcasting   | 1 2 3 4 5 6 7 8 9 10 | 10.3
Evocations     | 1 2 3 4 5 6 7 8 9 10 | 10.3
Conjurations   | 1 2 3 4 5 6 7 8 |  8.7
Hexes          | 1 2 3 4 5 6 7 8 |  8.7
Charms         | 1 2 3 4 5 6 7 8 |  8.7
Summonings     | 1 2 3 4 5 6 7 8 |  8.7
Necromancy     | 1 2 3 4 5 6 7 8 |  8.7
Translocations | 1 2 3 4 5 6 7 8 |  8.7
Transmutations | 1 2 3 4 5 6 7 8 |  8.7
Fire Magic     | 1 2 3 4 5 6 7 8 |  8.7
Ice Magic      | 1 2 3 4 5 6 7 8 |  8.7
Air Magic      | 1 2 3 4 5 6 7 8 |  8.7
Earth Magic    | 1 2 3 4 5 6 7 8 |  8.7
Poison Magic   | 1 2 3 4 5 6 7 8 |  8.7
Maces & Flails | 5 6 7 8 9 10 11 | 11.2
Fighting       | 7 8 9 10 11 12 | 12.0
Armour         | 7 8 9 10 11 12 | 12.0
Shields        | 7 8 9 10 11 12 | 12.0

Action                   |  1- 3 |  4- 6 |  7- 9 | 10-12 | 13-15 || total
-------------------------+-------+-------+-------+-------+-------++-------
Melee: Flail             |   126 |    70 |       |       |       ||   196
       Bite              |    15 |    22 |    53 |   188 |   486 ||   764
       Mace              |       |    94 |    82 |       |       ||   176
       Falchion          |       |       |   235 |   873 |  2134 ||  3242
Invok: Curse Item        |       |     5 |     2 |     5 |     3 ||    15
Evoke: Wand              |       |       |       |       |     1 ||     1
  Use: Potion            |       |     1 |     2 |     3 |    10 ||    16
       Scroll            |       |     6 |     4 |    14 |    11 ||    35
 Stab: Sleeping          |       |       |       |       |     6 ||     6
       Distracted        |       |       |       |       |     3 ||     3
       Held in net/web   |       |       |       |       |     2 ||     2
  Eat: Chunk             |       |     6 |     9 |    16 |    30 ||    61
       Ration            |       |       |       |       |     3 ||     3
Armor: Scale mail        |    21 |       |       |       |       ||    21
       Chain mail        |    56 |    87 |   163 |   196 |   144 ||   646
       Plate armour      |       |       |       |       |   202 ||   202
Dodge: Dodged            |    42 |    67 |   102 |   158 |   563 ||   932
Block: Shield            |    84 |   110 |   226 |   644 |  1300 ||  2364
       Reflection        |       |       |       |     1 |    49 ||    50
       Large shield      |       |       |       |       |  1103 ||  1103
